 Dungeon Sprint DCSS version 0.31-a0-276-ge00219d475 (webtiles) character file.

Game seed: 11553418885828038594

26 Conn the Firebug (level 3, 0/21 HPs)
             Began as an Octopode Fire Elementalist on July 15, 2023.
             Slain by a water elemental (21 damage)
             ... in the Dungeon (Sprint III: "The Ten Rune Challenge").
             The game lasted 00:01:10 (202 turns).

Conn the Firebug (Octopode Fire Elementalist)        Turns: 202, Time: 00:01:11

Health: 0/21       AC:  1    Str:  7    XL:     3   Next: 8%
Magic:  4/7        EV: 13    Int: 19    God:
Gold:   19         SH:  0    Dex: 12    Spells: 7/8 levels left

rFire   . . .        (no weapon)
rCold   . . .        (no shield)
rNeg    . . .        (helmet restricted)
rPois   .            (no amulet)
rElec   .            (no ring)
rCorr   .            (no ring)
SInv    .            (no ring)
Will    .....        (no ring)
Stlth   +++          (no ring)
HPRegen 0.23/turn    (no ring)
MPRegen 0.10/turn    (no ring)
                     (no ring)

%: no teleportation
@: no status effects
A: almost no armour, amphibious, 8 rings, camouflage 1, gelatinous body 1,
(nimble swimmer 1), tentacles
a: no special abilities


You were in the Dungeon.
You visited 1 branch You collected 19 gold pieces.

Inventory:

Scrolls
 f - a scroll of blinking
 h - a scroll of immolation {unknown}
 i - a scroll of enchant armour {unknown}
 k - a scroll of torment {unknown}
 l - a scroll of fog {unknown}
Potions
 a - 2 potions of magic
 b - a potion of curing
 c - a potion of heal wounds
 d - a potion of haste
 e - a potion of berserk rage
 g - 4 potions of mutation {unknown}
 j - 3 potions of enlightenment


   Skills:
 + Level 2.6 Dodging
 + Level 3.6 Stealth
 + Level 3.2 Spellcasting
 + Level 1.6 Conjurations
 + Level 5.1 Fire Magic


You had 7 spell levels left.
You knew the following spells:

 Your Spells              Type           Power      Damage    Failure   Level
a - Foxfire               Conj/Fire      60%        2x1d7     3%          1

Your spell library contained the following spells:

 Spells                   Type           Power      Damage    Failure   Level
 Scorch                   Fire           44%        2d7       2%          2
 Inner Flame              Hex/Fire       12%        N/A       16%         3
 Volatile Blastmotes      Fire/Tloc      24%        2d12      16%         3
 Flame Wave               Conj/Fire      15%        2d7       36%         4


Dungeon Overview and Level Annotations

Branches:
Dungeon (1/1)

Altars:


Innate Abilities, Weirdness & Mutations

You cannot wear most types of armour.
You are amphibious.
You can wear up to eight rings at the same time.
Your skin changes colour to match your surroundings (Stealth+).
Your rubbery body absorbs attacks. (AC +1, EV +1)
((You are camouflaged when in or above water. (Stealth+)))
You have tentacles for arms and can constrict up to eight enemies at once.


Message History

Confirm with . or Enter, or press ? or * to list all spells.
You conjure some foxfire!
Unknown command.
The foxfire hits the human.
The human is severely wounded.
The foxfire hits the human.
The human is severely wounded.
The human is engulfed in a cloud of scalding steam.
Unknown command.
The human is engulfed in a cloud of scalding steam.
You kill the human!
Your Spellcasting skill increases to level 3!
Your Fire Magic skill increases to level 5!
You have reached level 3!
Your experience leads to an increase in your attributes!
Increase (S)trength, (I)ntelligence, or (D)exterity?
You feel clever. x2
Unknown command.
You open the door.
Found 8 gold pieces and a glowing dark potion.
Found 3 gold pieces and a glowing dark potion.
There is an open door here.
You now have 16 gold pieces (gained 8).
g - a glowing dark potion;
h - a scroll labelled DUIBBU FAAJ
i - a scroll labelled URECHU YLUWACHE;
g - 2 glowing dark potions (gained 1)
j - a potion of enlightenment
g - 3 glowing dark potions (gained 1);
k - a scroll labelled EDDEING PUOTS
l - a scroll labelled CILLOS JURUTUA;
g - 4 glowing dark potions (gained 1)
j - 3 potions of enlightenment (gained 2)
You now have 19 gold pieces (gained 3).
There is an open door here.
You enter the shallow water.
You open the door.
A water elemental comes into view.
The water elemental moves out of view.
The water elemental barely misses you.
The water elemental attacks as you move away!
The water elemental hits you!!
Ouch! That really hurt!
You die...

▓▓▓▓▓▓▓▓▓▓ ▓▓▓
<.#..'...♣♣♣♣ ♣.#
..#..#....♣.♣ ♣.#
#'####.....♣♣ ♣♣.#
.....#....~♣♣♣♣..###+#+#
.....#...~~♣..♣♣@#......
.....#..~~~~♣♣...E.⌠....
####'#..~≈≈~~~♣♣.#...###
)....#.~~≈~~~....#.⌠.#
.....#.~≈~~~.....# ..#
.....#.~~~.......# ###
'#####...........#
.................#
▓▓▓▓▓▓▓▓▓▓▓▓▓▓▓▓▓▓


You could see a water elemental.

Vanquished Creatures
  A human (D)
  A phantom (D)
  An endoplasm (D)
  3 rats (D)
6 creatures vanquished.

Vanquished Creatures (others)
  23 foxfires (D)
23 creatures vanquished.

Grand Total: 29 creatures vanquished

Notes
Turn   | Place    | Note
-------+----------+-------------------------------------------
     0 | D        | Conn the Octopode Fire Elementalist began the quest for the
                  | Orb.
     0 | D        | Reached XP level 1. HP: 11/11 MP: 3/3
   137 | D        | Reached skill level 4 in Fire Magic
   137 | D        | Reached XP level 2. HP: 17/17 MP: 1/5
   164 | D        | Reached skill level 5 in Fire Magic
   164 | D        | Reached XP level 3. HP: 21/21 MP: 0/7
   199 | D        | Noticed a water elemental
   202 | D        | Slain by a water elemental

Illustrated notes

Levels and vault maps discovered:
D:        dungeon_sprint_mu [sprint_mu_entry_forest, sprint_mu_temple_rooms,
          sprint_mu_d1_horrors, sprint_mu_d2_genie, sprint_mu_d3_branching,
          sprint_mu_orc_legion, sprint_mu_elf_gauntlet, sprint_mu_hive_nellie,
          sprint_mu_lair_fedhas, sprint_mu_vaults_butterflies,
          sprint_mu_slime_circle, sprint_mu_shoals_archi,
          sprint_mu_snake_twists, sprint_mu_blade_basic, sprint_mu_crypt_lich,
          sprint_mu_tomb_spiral, sprint_mu_vestibule_basic,
          sprint_mu_gehenna_hellfire, sprint_mu_dis_giant,
          sprint_mu_tartarus_statrot, sprint_mu_cocytus_islands, sprint_mu_zot1]

Skill      XL: |  1  2 |
---------------+-------+-----
Stealth        | 3 |  3.6
Fire Magic     | 4 5 |  5.1
Spellcasting   | 3 |  3.2
Dodging        | |  2.6
Conjurations   | |  1.6

Action                     || total
---------------------------++-------
  Melee: Unarmed           ||     1
   Cast: Foxfire           ||    14
    Use: Potion            ||     1
  Dodge: Dodged            ||     4

Table legend: (Time is in decaauts)
 A = Elapsed time spent in this place.
 B = Non-inter-level travel time spent in this place.
 C = Inter-level travel time spent in this place.
 D = Time resting spent in this place.
 E = Time spent auto-exploring this place.
 F = Levels seen in this place.
 G = Mean time per level.
                   A        B        C        D        E       F      G
               +--------+--------+--------+--------+--------+-----+--------+
         Total |    202 |    202 |      0 |     82 |      0 |   1 |  202.0 |
       Dungeon |    202 |    202 |      0 |     82 |      0 |   1 |  202.0 |
               +--------+--------+--------+--------+--------+-----+--------+

Top non-repeatable levels by time:
       D: 202 daAuts
